 Dungeon Crawl Stone Soup version 0.23.1-37-gaa34b87 (webtiles) character file.

Game seed: 12125914043709999834

149 vishdafish the Skirmisher (level 5, 0/37 HPs)
             Began as an Octopode Fighter on Mar 21, 2019.
             Slain by an adder (1 damage)
             ... on level 3 of the Dungeon.
             The game lasted 00:02:10 (1872 turns).

vishdafish the Skirmisher (Octopode Fighter)        Turns: 1872, Time: 00:02:11

Health: 0/37       AC:  1    Str: 15    XL:     5   Next: 31%
Magic:  5/5        EV: 12    Int: 11    God:
Gold:   112        SH:  9    Dex: 12    Spells: 4/4 levels left

rFire    . . .     SeeInvis .     - Unarmed
rCold    . . .     Gourm    .   a - +0 shield
rNeg     . . .     Faith    .   (helmet restricted)
rPois    .         Spirit   .   (no amulet)
rElec    .         Reflect  .   m - ring of protection from magic
rCorr    .         Harm     .   (no ring)
MR       +....                  (no ring)
Stlth    +++.......             (no ring)
HPRegen  0.12/turn              (no ring)
MPRegen  0.09/turn              (no ring)
                                (no ring)
                                (no ring)

@: very slightly contaminated, invisible
A: almost no armour, stealthy swim, amphibious, 8 rings, constrict 8, camouflage
1, gelatinous body 1
a: no special abilities


You were on level 3 of the Dungeon.
You were very hungry.

You visited 1 branch of the dungeon, and saw 3 of its levels.

You collected 112 gold pieces.

Inventory:

Missiles
 j - 4 tomahawks (quivered)
Armour
 a - a +0 shield (worn)
Jewellery
 m - a ring of protection from magic (left tentacle)
Scrolls
 d - a scroll of magic mapping {unknown}
 e - 2 scrolls of identify {unknown}
 f - 2 scrolls of fog {unknown}
 g - a scroll of enchant weapon {unknown}
 i - 4 scrolls of teleportation {unknown}
 o - a scroll of amnesia {unknown}
 r - a scroll of fear {unknown}
Potions
 b - a potion of might
 h - a potion of heal wounds {unknown}
 k - a potion of invisibility
 l - a potion of flight {unknown}
 n - a potion of resistance {unknown}
 p - a potion of degeneration {unknown}
 q - a potion of lignification {unknown}
Comestibles
 c - 5 rations


   Skills:
 - Level 3.7 Fighting
 - Level 3.5 Dodging
 - Level 2.7 Stealth
 + Level 3.7 Shields
 + Level 3.2 Unarmed Combat


You had 4 spell levels left.
You didn't know any spells.
Your spell library was empty.

Dungeon Overview and Level Annotations

Branches:
Dungeon (3/15)

Altars:

Annotations:
D:3 Robin


Innate Abilities, Weirdness & Mutations

You cannot wear most types of armour.
You are very stealthy in the water. (Stealth+)
You are amphibious.
You can wear up to eight rings at the same time.
You can use your tentacles to constrict eight enemies at once.
Your skin changes colour to match your surroundings (Stealth+).
Your rubbery body absorbs attacks. (AC +1, EV +1)


Message History

* * * LOW HITPOINT WARNING * * *
The adder closely misses you.
Okay, then.
It was a potion of invisibility.
You fade into invisibility!
You constrict the goblin.
You kill the goblin!
You block the adder's attack.
You are very lightly contaminated with residual magic.
Items here: )))) † a +0 club; a +0 dagger x2; a +0 club; a goblin corpse You catch the helpless adder completely off-guard!
You tentacle-slap the adder. You grab the adder. You squeeze the adder.
The adder is moderately wounded.
You constrict the adder. The adder closely misses you. The adder bites you.
* * * LOW HITPOINT WARNING * * *
You tentacle-slap the adder.
The adder is heavily wounded.
You constrict the adder. The adder bites you.
You die...

#.....#..########. ≈≈
#.#..##..#........ #≈
.#...###..#........
#≈≈..........#........
#≈..#.#####..#........
.#...#. #...........#
....... #...........#
..#....####g...........
.......@Shgh.........g.
#.#....####............
#.... #............
....... ..............
#.####. ##....?........
# #. #............. #.
............. #.
##.......... #S........


You could see Robin, an adder, 2 jackals and a hobgoblin.

Vanquished Creatures
  6 adders
  An ooze (D:2)
  2 worms (D:2)
  4 dart slugs
  2 leopard geckos (D:2)
  A ball python (D:1)
  5 bats
  A giant cockroach (D:1)
  13 goblins
  16 hobgoblins
  4 jackals
  A quokka (D:2)
  6 frilled lizards
  7 kobolds
  3 rats
72 creatures vanquished.

Notes
Turn   | Place    | Note
-------+----------+-------------------------------------------
     0 | D:1      | vishdafish the Octopode Fighter began the quest for the
                  | Orb.
     0 | D:1      | Reached XP level 1. HP: 16/16 MP: 1/1
    72 | D:1      | Reached XP level 2. HP: 17/21 MP: 2/2
   420 | D:1      | Reached XP level 3. HP: 25/26 MP: 3/3
   838 | D:2      | Reached skill level 1 in Stealth
  1019 | D:2      | Reached XP level 4. HP: 21/31 MP: 4/4
  1763 | D:3      | Reached XP level 5. HP: 36/37 MP: 5/5
  1838 | D:3      | Noticed Robin
  1871 | D:3      | HP: 1/37 [adder (3)]
  1872 | D:3      | Slain by an adder

Skill      XL: |  1  2  3  4 |
---------------+-------------+-----
Stealth        | 1 2 |  2.7
Unarmed Combat | 3 |  3.2
Fighting       | |  3.7
Dodging        | |  3.5
Shields        | |  3.7

Action                   |  1- 3 |  4- 6 || total
-------------------------+-------+-------++-------
Melee: Unarmed           |    87 |    86 ||   173
       Constrict         |    27 |    24 ||    51
       Tentacles         |    13 |    13 ||    26
       Punch             |     2 |     1 ||     3
  Use: Potion            |       |     1 ||     1
 Stab: Sleeping          |     7 |     3 ||    10
       Distracted        |       |     1 ||     1
       Invisible         |       |     1 ||     1
  Eat: Chunk             |       |     2 ||     2
Armor: Skin              |     4 |     4 ||     8
Dodge: Dodged            |    38 |    41 ||    79
Block: Shield            |    28 |    26 ||    54
